 Dungeon Crawl Stone Soup version 0.29.1-1-gd02db6906a (webtiles) character file.

Game seed: 2574250145603907372

178 Icepheonix32 the Trooper (level 5, -9/72 HPs)
             Began as a Minotaur Fighter on Sept 20, 2022.
             Mangled by a gnoll
             ... wielding a +1 halberd of venom
              (11 damage)
             ... on level 4 of the Dungeon.
             The game lasted 00:03:16 (3356 turns).

Icepheonix32 the Trooper (Minotaur Fighter)         Turns: 3356, Time: 00:03:17

Health: -9/72      AC:  8    Str: 22    XL:     5   Next: 32%
Magic:  4/4        EV: 11    Int:  5    God:
Gold:   218        SH:  4    Dex: 10    Spells: 4/4 levels left

rFire   . . .      SeeInvis .   a - +0 war axe
rCold   . . .      Faith    .   c - +0 buckler
rNeg    . . .      Spirit   .   j - +0 acid dragon scales
rPois   .          Reflect  .   (helmet restricted)
rElec   .          Harm     .   (no cloak)
rCorr   +          Rampage  .   g - +0 pair of gloves
Will    .....                   (no boots)
Stlth   ..........              (no amulet)
HPRegen 0.22/turn               (no ring)
MPRegen 0.09/turn               (no ring)

@: mighty, berserking, lethally poisoned (-9 -> -20), very quick
A: horns 2, retaliatory headbutt
a: no special abilities


You were on level 4 of the Dungeon.
You visited 1 branch of the dungeon, and saw 4 of its levels.

You collected 218 gold pieces.

Inventory:

Hand Weapons
 a - a +0 war axe (weapon)
Armour
 b - a +0 scale mail
 c - a +0 buckler (worn)
 g - a +0 pair of gloves (worn)
 j - +0 acid dragon scales (worn)
Wands
 s - a wand of light (8)
Scrolls
 e - a scroll of teleportation
 h - a scroll of magic mapping
 i - 2 scrolls of fear
 o - a scroll of torment
 x - a scroll of blinking
Potions
 d - a potion of might
 f - a potion of degeneration {unknown}
 k - 2 potions of heal wounds {unknown}
 m - a potion of mutation
 q - a potion of lignification
 v - a potion of attraction {unknown}
 w - a potion of haste {unknown}


   Skills:
 * Level 5.0 Fighting
 + Level 4.2 Axes
 + Level 4.6 Armour
 + Level 1.3 Dodging
 + Level 0.1 Stealth
 + Level 4.0 Shields


You had 4 spell levels left.
You didn't know any spells.
Your spell library contained the following spells:

 Spells                   Type           Power      Damage    Failure   Level
 Blink                    Tloc           0%         N/A       78%         2
 Gell's Gravitas          Tloc           0%         N/A       95%         3
 Lesser Beckoning         Tloc           0%         N/A       95%         3
 Teleport Other           Tloc           0%         N/A       95%         3
 Manifold Assault         Tloc           0%         N/A       100%        5


Dungeon Overview and Level Annotations

Branches:
Dungeon (4/15)
 Temple: D:4-7

Altars:
Ashenzari
Elyvilon

Annotations:
D:4 Blork the orc


Innate Abilities, Weirdness & Mutations

You have a pair of horns on your head.
You reflexively headbutt those who attack you in melee.


Message History

You have reached level 5!
The gnoll barely misses you.
A quokka comes into view.
The gnoll closely misses you.
A gnoll comes into view. It is wielding a +0 spear.
The gnoll hits you with a +0 halberd.
You closely miss the gnoll.
The gnoll is no longer moving quickly. x2
The gnoll hits you from afar with a +1 halberd of venom!
* * * LOW HITPOINT WARNING * * *
You are lethally poisoned!
The gnoll misses you.
The gnoll hits you from afar with a +1 halberd of venom.
* * * LOW HITPOINT WARNING * * *
You are more poisoned.
It was a potion of berserk rage.
A red film seems to cover your vision as you go berserk!
You feel yourself moving faster!
You feel mighty!
* * * LOW HITPOINT WARNING * * *
You feel very sick.
The gnoll is no longer moving quickly.
Blork the orc gestures wildly while chanting.
Blork the orc seems to speed up.
The gnoll barely misses you. You furiously retaliate!
You headbutt the gnoll!
You kill the gnoll!
You block the gnoll's attack.
You are too berserk!
Unknown command.
You feel a strong urge to attack something.
Your attacks no longer feel as feeble.
* * * LOW HITPOINT WARNING * * *
You feel very sick.
The gnoll is no longer moving quickly.
The gnoll hits you but does no damage. The gnoll closely misses you.
You see here a +0 halberd.
You slash the gnoll!
The gnoll is severely wounded.
* * * LOW HITPOINT WARNING * * *
You feel sick.
The gnoll hits you with a +1 halberd of venom!
You die...

. .. ... ..#
.$.. #.#
..... #.#
#..og#####
#.# #ggg@..#
#.# #.gr###.#
#.# #.#
#.###.## ..
#...†..# ###
#
#####..###.##
##
#...##..##..
##.........#
##.........
#..#.....##


You could see Blork the orc (fast), 5 gnolls and a quokka.

Vanquished Creatures
  A gnoll bouda (D:4)
  Ijyb (D:3)
  2 gnolls (D:4)
  4 adders
  A worm (D:2)
  2 dart slugs
  3 orcs (D:3)
  2 bats (D:1)
  7 endoplasms
  2 giant cockroaches
  2 hobgoblins
  5 jackals
  9 kobolds
  2 quokkas (D:1)
  5 ball pythons
  6 frilled lizards
  4 goblins
  6 rats
64 creatures vanquished.

Vanquished Creatures (others)
  A plant (D:2)
1 creature vanquished.

Grand Total: 65 creatures vanquished

Notes
Turn   | Place    | Note
-------+----------+-------------------------------------------
     0 | D:1      | Icepheonix32 the Minotaur Fighter began the quest for the
                  | Orb.
     0 | D:1      | Reached XP level 1. HP: 19/19 MP: 0/0
   234 | D:1      | Reached skill level 4 in Fighting
   234 | D:1      | Reached XP level 2. HP: 21/27 MP: 1/1
   616 | D:1      | Found a faded altar of an unknown god.
   849 | D:2      | Reached XP level 3. HP: 34/34 MP: 2/2
  1693 | D:2      | Found a white marble altar of Elyvilon.
  1903 | D:3      | Reached skill level 1 in Dodging
  1903 | D:3      | Reached XP level 4. HP: 26/41 MP: 3/3
  2101 | D:3      | Noticed Ijyb
  2150 | D:3      | Killed Ijyb
  2960 | D:3      | Found a broken altar of Ashenzari.
  3092 | D:3      | Saw a vision of the Shoals and the Spider Nest.
  3092 | D:3      | Noticed a sea snake
  3092 | D:3      | Noticed a cyclops
  3092 | D:3      | Noticed a merfolk
  3092 | D:3      | Noticed a radroach
  3092 | D:3      | Noticed a steelbarb worm
  3092 | D:3      | Noticed a harpy
  3092 | D:3      | Noticed a boulder beetle
  3092 | D:3      | Noticed a sea snake
  3092 | D:3      | Noticed a culicivora
  3092 | D:3      | Noticed a tarantella
  3092 | D:3      | Noticed a water nymph
  3092 | D:3      | Noticed a pharaoh ant
  3092 | D:3      | Noticed a pharaoh ant
  3092 | D:3      | Noticed a sea snake
  3092 | D:3      | Noticed a culicivora
  3092 | D:3      | Noticed a culicivora
  3092 | D:3      | Noticed a merfolk siren
  3092 | D:3      | Noticed a manticore
  3092 | D:3      | Noticed a jumping spider
  3092 | D:3      | Noticed a moth of wrath
  3092 | D:3      | Noticed a sea snake
  3093 | D:3      | Noticed a merfolk
  3094 | D:3      | Noticed a jumping spider
  3345 | D:4      | Noticed Blork the orc
  3351 | D:4      | Reached skill level 5 in Fighting
  3351 | D:4      | Reached XP level 5. HP: 22/48 MP: 4/4
  3356 | D:4      | HP: 2/72 [poisoned by a gnoll]
  3356 | D:4      | Mangled by a gnoll

Illustrated notes

Levels and vault maps discovered:
D:1:      lightli_arrival_windingriver, layout_basic,
          shapermc_ecumenical_altar_starsandcircs
D:2:      layout_basic, basic_altar, grunt_decor_clamped,
          guppyfry_early_lair_pool
D:3:      layout_loops_corners, grunt_ashenzari_visionary
          [grunt_ashenzari_visionary_shoals, grunt_ashenzari_visionary_spider],
          uniq_ijyb
D:4:      layout_rooms, tso_oasis_becter, nicolae_grassy_gnolls,
          uniq_blork_the_orc

Skill      XL: |  1  2  3  4 |
---------------+-------------+-----
Armour         | 4 |  4.6
Fighting       | 4 5 |  5.0
Axes           | 3 4 |  4.2
Dodging        | 1 |  1.3
Shields        | 4 |  4.0
Stealth        | |  0.1

Action                   |  1- 3 |  4- 6 || total
-------------------------+-------+-------++-------
Melee: War axe           |   108 |    48 ||   156
       Headbutt          |    15 |     7 ||    22
Evoke: Wand              |       |     1 ||     1
  Use: Scroll            |       |    10 ||    10
       Potion            |       |     3 ||     3
Armor: Scale mail        |     6 |       ||     6
       Acid dragon scale |    40 |    24 ||    64
Dodge: Dodged            |    49 |    41 ||    90
Block: Buckler           |    23 |     7 ||    30
